 Dungeon Crawl Stone Soup version 0.23.1 (webtiles) character file.

Game seed: 943901336538880531

1079 Fang the Skirmisher (level 8, -2/51 HPs)
             Began as a Gargoyle Berserker on Mar 6, 2019.
             Was a Priest of Trog.
             Slain by an iguana (7 damage)
             ... on level 5 of the Dungeon.
             The game lasted 00:05:01 (4355 turns).

Fang the Skirmisher (Gargoyle Berserker)            Turns: 4355, Time: 00:05:01

Health: -2/51      AC: 13    Str: 23    XL:     8   Next: 29%
Magic:  8/8        EV: 11    Int:  8    God:    Trog [***...]
Gold:   144        SH:  0    Dex:  9    Spells: 7/7 levels left

rFire    . . .     SeeInvis .   p - +1 hand axe (freeze)
rCold    . . .     Gourm    .   (no shield)
rNeg     + . .     Faith    .   d - +0 scale mail
rPois    ∞         Spirit   .   (no helmet)
rElec    +         Reflect  .   (no cloak)
rCorr    .         Harm     .   (no gloves)
MR       .....                  (no boots)
Stlth    ..........             (no amulet)
HPRegen  0.17/turn              s - ring of attention (curse)
MPRegen  0.11/turn              (no ring)

@: berserk cooldown, slowed, very slow
A: negative energy resistance 1, electricity resistance, unbreathing,
petrification resistance, rot immunity, AC +5
a: Berserk, Trog's Hand, Renounce Religion


You were on level 5 of the Dungeon.
You worshipped Trog.
Trog was most pleased with you.
You were not hungry.

You visited 2 branches of the dungeon, and saw 6 of its levels.

You collected 144 gold pieces.

Inventory:

Hand Weapons
 a - a +0 hand axe
 p - a +1 hand axe of freezing (weapon)
Armour
 d - a +0 scale mail (worn)
Jewellery
 s - a cursed ring of attention (left hand)
 x - an uncursed amulet of magic regeneration {unknown}
 y - an uncursed ring of fire {unknown}
Wands
 k - a wand of iceblast (6)
Scrolls
 b - 2 scrolls of remove curse {unknown}
 e - a scroll of enchant armour {unknown}
 f - 3 scrolls of teleportation {unknown}
 i - 6 scrolls of identify {unknown}
 n - a scroll of immolation {unknown}
 o - a scroll of amnesia {unknown}
 q - a scroll of noise {unknown}
 t - a scroll of magic mapping {unknown}
 u - a scroll of enchant weapon {unknown}
 w - a scroll of fog {unknown}
Potions
 g - 3 potions of curing
 h - a potion of invisibility {unknown}
 j - 3 potions of lignification {unknown}
 l - a potion of ambrosia {unknown}
 m - 2 potions of flight {unknown}
 r - a potion of magic {unknown}
 v - a potion of berserk rage {unknown}
Comestibles
 c - 7 rations
 z - a chunk of flesh


   Skills:
 + Level 6.1 Fighting
 + Level 5.0 Axes
 + Level 5.5 Armour
 + Level 4.2 Dodging


You had 7 spell levels left.
You didn't know any spells.
Your spell library was empty.

Dungeon Overview and Level Annotations

Branches:
Dungeon (5/15)             Temple (1/1) D:4

Altars:
Ashenzari
Elyvilon
Gozag
Hepliaklqana
Makhleb
Nemelex Xobeh
Okawaru
Qazlal
Ru
Trog
Uskayaw
Yredelemnul
Zin
The Shining One


Innate Abilities, Weirdness & Mutations

You are resistant to torment.
Your stone body is resilient. (AC +5)
You are immune to poison.
You resist negative energy. (rN+)
You are resistant to electric shocks. (rElec)
You can survive without breathing.
You are immune to petrification.
You are immune to rotting.


Message History

There is a stone staircase leading up here.
An iguana comes into view.
An iguana is nearby!
You open the door.
An ogre comes into view. It is wielding a +0 giant club.
The ogre shouts!
The iguana hisses angrily.
The ogre hits you with a +0 giant club!
* * * LOW HITPOINT WARNING * * *
There is an open door here.
You're still recovering from your berserk rage.
You hit the ogre. You freeze the ogre.
The ogre is moderately wounded.
The ogre hits you but does no damage.
You hit the ogre. You freeze the ogre.
The ogre is heavily wounded.
The ogre hits you with a +0 giant club.
* * * LOW HITPOINT WARNING * * *
The iguana closely misses you. The ogre completely misses you.
The iguana bites you!
You die...

#............(
#............. # #
#............. # .#.
#.............
#≈##.##≈#.............
#≈≈≈.≈≈≈#.........<...
#O####.............
#.#..............(.
#l@................
##.................
#.................
#.................
#.................
..................
...................
..............


You could see an ogre and an iguana.

Vanquished Creatures
  A hippogriff (D:4)
  An ogre (D:4)
  2 scorpions (D:4)
  A killer bee (D:4)
  A howler monkey (D:4)
  2 bullfrog zombies (D:5)
  2 hounds (D:4)
  A centaur skeleton (D:5)
  2 orc wizards (D:4)
  An orc priest (D:3)
  A bullfrog skeleton (D:4)
  A gnoll shaman (D:4)
  2 iguanas (D:5)
  3 worker ants
  6 gnolls
  5 adders (D:4)
  An ooze (D:3)
  2 worms (D:4)
  A dart slug (D:1)
  A leopard gecko (D:3)
  21 orcs
  A ball python (D:4)
  12 giant cockroaches
  5 hobgoblins
  5 jackals
  A quokka (D:4)
  10 bats
  5 frilled lizards
  4 goblins
  3 kobolds
  6 rats
110 creatures vanquished.

Vanquished Creatures (others)
  A rat (D:3)
1 creature vanquished.

Grand Total: 111 creatures vanquished

Notes
Turn   | Place    | Note
-------+----------+-------------------------------------------
     0 | D:1      | Fang the Gargoyle Berserker began the quest for the Orb.
     0 | D:1      | Reached XP level 1. HP: 14/14 MP: 1/1
    77 | D:1      | Reached XP level 2. HP: 15/19 MP: 2/2
   391 | D:1      | Reached XP level 3. HP: 22/23 MP: 3/3
   442 | D:1      | Reached ** piety under Trog
   895 | D:2      | Found a burning altar of Makhleb.
   978 | D:2      | Found a sacrificial altar of Ru.
  1664 | D:3      | Reached XP level 4. HP: 25/29 MP: 4/4
  1712 | D:3      | Reached skill level 4 in Fighting
  1877 | D:3      | Found a shattered altar of Ashenzari.
  2031 | D:3      | Found a white marble altar of Elyvilon.
  2283 | D:3      | Reached XP level 5. HP: 33/33 MP: 5/5
  2481 | D:4      | Found an iron altar of Okawaru.
  2507 | D:4      | Reached XP level 6. HP: 17/39 MP: 6/6
  2728 | D:4      | Found a staircase to the Ecumenical Temple.
  2766 | Temple   | Entered the Ecumenical Temple
  2884 | D:4      | Reached *** piety under Trog
  3255 | D:4      | Reached skill level 5 in Fighting
  3264 | D:4      | Reached XP level 7. HP: 39/44 MP: 7/7
  3354 | D:4      | Noticed a hippogriff
  3370 | D:4      | Killed a hippogriff
  3841 | D:4      | Reached skill level 5 in Armour
  4037 | D:4      | Reached XP level 8. HP: 45/51 MP: 8/8
  4200 | D:5      | Entered Level 5 of the Dungeon
  4200 | D:5      | Found a hazy altar of Hepliaklqana.
  4254 | D:5      | Reached skill level 6 in Fighting
  4292 | D:5      | Reached skill level 5 in Axes
  4293 | D:5      | Found a stormy altar of Qazlal.
  4355 | D:5      | Slain by an iguana

Skill      XL: |  1  2  3  4  5  6  7  8 |
---------------+-------------------------+-----
Dodging        | 2 3 4 |  4.2
Axes           | 3 4 5 |  5.0
Armour         | 3 4 5 |  5.5
Fighting       | 4 5 6 |  6.1

Action                   |  1- 3 |  4- 6 |  7- 9 || total
-------------------------+-------+-------+-------++-------
Melee: Hand axe          |   141 |   136 |   132 ||   409
Invok: Berserk           |       |     3 |     2 ||     5
  Eat: Chunk             |     2 |     8 |     6 ||    16
Armor: Animal skin       |     8 |       |       ||     8
       Scale mail        |   104 |    71 |    75 ||   250
Dodge: Dodged            |   132 |    88 |    93 ||   313
